 Dungeon Crawl Stone Soup version 0.20.1-1-g8b1a95d (webtiles) character file.

261 Irenicus the Insei (level 5, -5/46 HPs)
             Began as a Deep Dwarf Monk on Oct 15, 2017.
             Slain by a gnoll
             ... wielding a +0 flail
              (6 damage)
             ... on level 2 of the Dungeon.
             The game lasted 00:08:26 (2138 turns).

Irenicus the Insei (Deep Dwarf Monk)                Turns: 2138, Time: 00:08:27

Health: -5/46      AC:  2    Str: 14    XL:     5   Next: 96%
Magic:  2/2        EV: 14    Int: 11    God:
Gold:   155        SH:  0    Dex: 16    Spells: 4/4 levels left

rFire    . . .     SeeInvis .     - Unarmed
rCold    . . .     Gourm    .   (no shield)
rNeg     . . .     Faith    .   a - +0 robe
rPois    .         Spirit   .   (no helmet)
rElec    .         Reflect  .   (no cloak)
rCorr    .         Harm     .   (no gloves)
MR       .....                  (no boots)
Stlth    ++........             (no amulet)
Regen    0.0/turn               (no ring)
MPRegen  0.1/turn               (no ring)

@: non-regenerating
A: damage resistance, heal wounds, sense surroundings 1, no regeneration
a: Heal Wounds


You were on level 2 of the Dungeon.
You were not hungry.

You visited 1 branch of the dungeon, and saw 3 of its levels.

You collected 155 gold pieces.

Inventory:

Hand Weapons
 g - a +0 spear of flaming
 h - a +0 hunting sling
Missiles
 c - 152 stones (quivered)
Armour
 a - a +0 robe (worn)
Wands
 n - a wand of flame (6/48)
Scrolls
 f - 3 scrolls of remove curse {unknown}
 j - 4 scrolls of identify {unknown}
 o - a scroll of teleportation {unknown}
 r - a scroll of fog {unknown}
Potions
 e - a potion of resistance {unknown}
 i - 2 potions of magic {unknown}
 l - a potion of flight {unknown}
 m - 2 potions of curing {unknown}
Comestibles
 b - 3 bread rations
 d - 4 fruits
 k - 2 meat rations
 q - a royal jelly


   Skills:
 - Level 2.6 Fighting
 - Level 2.1 Slings
 - Level 3.2 Dodging
 - Level 2.4 Stealth
 + Level 5.7 Unarmed Combat


You had 4 spell levels left.
You didn't know any spells.

Dungeon Overview and Level Annotations

Branches:
Dungeon (3/15)

Altars:
Gozag
Hepliaklqana
Qazlal
Sif Muna
Yredelemnul
Zin


Innate Abilities, Weirdness & Mutations

You are resistant to damage.
You can heal yourself by infusing magical energy.
You passively map a small area around you.
You do not regenerate.


Message History

The bat hits you. The bat barely misses you.
The bat hits you but does no damage.
You closely miss the bat. The bat hits you.
Found 10 gold pieces.
The bat barely misses you.
You see here a hunting sling.
The bat closely misses you.
All of the chunks of flesh in your inventory have rotted away.
Things that are here:
a club; a gnoll corpse The bat barely misses you.
Things that are here:
a whip; a stone
There is an escape hatch in the ceiling here.
The gnoll hits you with a flail!
* * * LOW HITPOINT WARNING * * *
The gnoll hits you but does no damage. A mysterious force pulls you upwards.
The hatch slams shut behind you.
You fail to use your ability.
The gnoll hits you with a flail!
You die...

######## .......#
.#####.# .# #.#
########
.#####.######..g@..####
...............÷.÷....#
.###...#######.###.##.#
.##.....# #.###.##.#
.###...## #.##..##.#
.......# #.##.###.#
#####.## #.##.###.# #.#
#........# ##+##
####.#####


You could see a gnoll.

Vanquished Creatures
  An orc wizard (D:3)
  Ijyb (D:3)
  Natasha (twice) (D:3)
  9 adders
  2 gnolls (D:3)
  A leopard gecko (D:2)
  4 orcs (D:3)
  2 giant cockroaches
  6 hobgoblins
  3 jackals (D:1)
  3 ball pythons
  7 bats
  7 frilled lizards
  7 goblins
  4 kobolds
  5 rats
64 creatures vanquished.

Notes
Turn   | Place    | Note
-------+----------+-------------------------------------------
     0 | D:1      | Irenicus the Deep Dwarf Monk began the quest for the Orb.
     0 | D:1      | Reached XP level 1. HP: 20/20 MP: 1/1
   167 | D:1      | Reached skill level 3 in Unarmed Combat
   291 | D:1      | Reached XP level 2. HP: 27/27 MP: 2/2
   428 | D:1      | Reached skill level 1 in Slings
   631 | D:2      | Reached XP level 3. HP: 28/33 MP: 3/3
  1221 | D:2      | Found a glowing silver altar of Zin.
  1224 | D:2      | Found a hazy altar of Hepliaklqana.
  1226 | D:2      | Found a deep blue altar of Sif Muna.
  1226 | D:2      | Found a basalt altar of Yredelemnul.
  1227 | D:2      | Found an opulent altar of Gozag.
  1227 | D:2      | Found a stormy altar of Qazlal.
  1259 | D:2      | Reached skill level 4 in Unarmed Combat
  1259 | D:2      | Reached XP level 4. HP: 14/40 MP: 4/4
  1638 | D:3      | Noticed Ijyb
  1668 | D:3      | Killed Ijyb
  1672 | D:3      | Reached XP level 5. HP: 38/46 MP: 3/3
  1679 | D:3      | Noticed Natasha
  1704 | D:3      | Killed Natasha
  1704 | D:3      | Reached skill level 5 in Unarmed Combat
  1997 | D:3      | Noticed Natasha
  2004 | D:3      | Killed Natasha
  2136 | D:3      | HP: 1/46 [gnoll/flail (6)]
  2138 | D:2      | Slain by a gnoll

Skill      XL: |  1  2  3  4  5 |
---------------+----------------+-----
Unarmed Combat | 3 4 5 |  5.7
Slings         | 2 |  2.1
Fighting       | |  2.6
Dodging        | |  3.2
Stealth        | |  2.4

Action                   |  1- 3 |  4- 6 || total
-------------------------+-------+-------++-------
Melee: Unarmed           |    58 |    93 ||   151
       Punch             |       |     4 ||     4
 Fire: Hunting sling     |    32 |    67 ||    99
Throw: Stone             |     7 |       ||     7
 Abil: Heal Wounds       |       |     5 ||     5
 Stab: Sleeping          |     2 |       ||     2
  Eat: Chunk             |       |     4 ||     4
Armor: Robe              |     4 |    18 ||    22
Dodge: Dodged            |    37 |    92 ||   129
